 Dungeon Crawl Stone Soup version 0.29-a0-717-g6dac4ea423 (webtiles) character file.

Game seed: 17683459671238361094

237291 avis the Fencer (level 17, -2/156 HPs)
             Began as a Demigod Ice Elementalist on June 25, 2022.
             Slain by an ironbound preserver
             ... wielding a +0 flail
              (11 damage)
             ... on level 1 of the Vaults on June 26, 2022.
             The game lasted 07:40:32 (53443 turns).

avis the Fencer (Demigod Ice Elementalist)         Turns: 53443, Time: 07:40:33

Health: -2/156     AC: 42    Str: 13    XL:     17   Next: 89%
Magic:  27/28      EV: 15    Int: 17    God:
Gold:   3250       SH:  0    Dex: 34    Spells: 12/26 levels left

rFire   + . .      SeeInvis +   a - +9 triple sword (protect)
rCold   + . .      Faith    .   (shield currently unavailable)
rNeg    + + +      Spirit   .   U - +0 robe {rC+ rF+}
rPois   +          Reflect  .   k - +2 hat
rElec   +          Harm     .   E - +2 cloak {rPois}
rCorr   .          Rampage  +   o - +0 pair of gloves
Will    +....                   F - +5 pair of boots of the Unseen Realm {Rampage rN++}
Stlth   ++++......              j - amulet of Qocoikk {RegenMP rElec Slay+3 SInv}
HPRegen 0.36/turn               f - ring of the Tortoise {AC+8}
MPRegen 0.61/turn               p - ring "Ifuism" {rN+ AC+4 Str+4 Stlth+}

@: ice-armoured, under a protective aura
A: high MP 1, forlorn, divine attributes
}: 2/15 runes: decaying, serpentine
a: no special abilities


You were on level 1 of the Vaults.
You visited 7 branches of the dungeon, and saw 31 of its levels.
You also visited: Bailey and Ice Cave.

You collected 4713 gold pieces.
You spent 1463 gold pieces at shops.

Inventory:

Hand Weapons
 a - a +9 triple sword of protection (weapon)
 b - the +11 long sword of the Sun {speed, Int+3}
   (You bought it in a shop on level 5 of the Dungeon)

   Attacks with this weapon are significantly faster.
   Int:       It affects your intelligence (+3).
 c - the +8 autumn katana {vorpal, manifold assault}
   (You acquired it on level 1 of the Lair of Beasts)

   It sometimes launches melee attacks against multiple visible enemies.
 g - a +2 demon blade of electrocution
 w - a +4 longbow of chaos
Missiles
 z - 3 throwing nets
Armour
 k - a +2 hat (worn)
 o - a +0 pair of gloves (worn)
 E - a +2 cloak of poison resistance (worn)
 F - the +5 pair of boots of the Unseen Realm (worn) {Rampage rN++}
   (You found it on level 4 of the Dungeon)

   rN:        It greatly protects you from negative energy.
   Rampage:   It bestows one free step when moving towards enemies.
 U - a +0 robe of resistance (worn)
Jewellery
 d - an amulet of regeneration
 f - the ring of the Tortoise (left hand) {AC+8}
   (You acquired it on level 1 of the Lair of Beasts)

   [ring of protection]

   AC:        It affects your AC (+8).
 j - the amulet of Qocoikk (around neck) {RegenMP rElec Slay+3 SInv}
   (You acquired it on level 1 of the Lair of Beasts)

   [amulet of magic regeneration]

   It increases your rate of magic regeneration.
   Slay:      It affects your accuracy & damage with ranged weapons and melee
   (+3).
   rElec:     It insulates you from electricity.
   SInv:      It lets you see invisible.
 p - the ring "Ifuism" (right hand) {rN+ AC+4 Str+4 Stlth+}
   (You found it in a bailey)

   [ring of protection]

   AC:        It affects your AC (+4).
   Str:       It affects your strength (+4).
   rN:        It protects you from negative energy.
   Stlth:     It makes you more stealthy.
Wands
 e - a wand of mindburst (10)
 i - a wand of digging (7)
 s - a wand of acid (22)
 v - a wand of iceblast (25)
 A - a wand of paralysis (41)
 N - a wand of polymorph (12)
 T - a wand of flame (24)
Scrolls
 h - 11 scrolls of teleportation
 r - 2 scrolls of blinking
 G - a scroll of magic mapping
 J - 4 scrolls of fog
 O - 4 scrolls of fear
 R - 4 scrolls of summoning
Potions
 l - 4 potions of magic
 m - 6 potions of curing
 t - 6 potions of might
 u - 4 potions of haste
 x - 4 potions of invisibility
 B - 3 potions of resistance
 H - 2 potions of lignification
 I - a potion of ambrosia
 K - 6 potions of cancellation
 Q - 5 potions of berserk rage
 S - 4 potions of flight
Miscellaneous
 n - a phantom mirror
 L - a phial of floods


   Skills:
 - Level 15.0 Fighting
 - Level 18.0 Long Blades
 * Level 17.3 Ranged Weapons
 - Level 5.0 Armour
 - Level 3.0 Dodging
 - Level 2.0 Stealth
 - Level 5.0 Spellcasting
 - Level 6.0 Translocations
 - Level 10.0 Ice Magic


You had 12 spell levels left.
You knew the following spells:

 Your Spells              Type           Power      Damage    Failure   Level
a - Freeze                Ice            100%       1d11      1%          1
b - Blink                 Tloc           48%        N/A       1%          2
o - Ozocubu's Armour      Ice            38%        N/A       1%          3
r - Frozen Ramparts       Ice            76%        1d9       1%          3
M - Manifold Assault      Tloc           24%        N/A       32%         5

Your spell library contained the following spells:

 Spells                   Type           Power      Damage    Failure   Level
 Ensorcelled Hibernation  Hex/Ice        42%        N/A       2%          2
 Gell's Gravitas          Tloc           24%        N/A       3%          3
 Lesser Beckoning         Tloc           24%        N/A       3%          3
 Teleport Other           Tloc           24%        N/A       3%          3
 Portal Projectile        Hex/Tloc       28%        N/A       12%         3
 Foxfire                  Conj/Fire      16%        2x1d4     14%         1
 Sting                    Tmut/Pois      16%        1d3       14%         1
 Hailstorm                Conj/Ice       21%        3d6       19%         4
 Passwall                 Tmut/Erth      3%         N/A       22%         2
 Poisonous Vapours        Pois/Air       8%         N/A       22%         2
 Scorch                   Fire           8%         2d5       22%         2
 Call Canine Familiar     Summ           4%         N/A       38%         3
 Conjure Flame            Conj/Fire      4%         6-21      38%         3
 Dazzling Flash           Conj/Hex       8%         N/A       38%         3
 Ignite Poison            Fire/Tmut/Pois 4%         N/A       38%         3
 Inner Flame              Hex/Fire       4%         N/A       38%         3
 Mephitic Cloud           Conj/Pois/Air  4%         N/A       38%         3
 Swiftness                Air            4%         N/A       38%         3
 Iskenderun's Mystic Bla  Conj/Tloc      14%        2d5       38%         4
 Metabolic Englaciation   Hex/Ice        10%        N/A       45%         5
 Freezing Cloud           Conj/Ice/Air   7%         6-21      71%         5
 Animate Armour           Summ/Erth      8%         N/A       80%         4
 Animate Dead             Necr           4%         N/A       80%         4
 Flame Wave               Conj/Fire      4%         2d5       80%         4
 Leda's Liquefaction      Hex/Erth       2%         N/A       80%         4
 Olgreb's Toxic Radiance  Pois           4%         N/A       80%         4
 Petrify                  Tmut/Erth      4%         N/A       80%         4
 Summon Lightning Spire   Summ/Air       4%         N/A       80%         4
 Dispersal                Tloc           12%        N/A       88%         6
 Ozocubu's Refrigeration  Ice            19%        4d8       89%         7
 Simulacrum               Ice/Necr       10%        N/A       95%         6
 Blade Hands              Tmut           2%         N/A       98%         5
 Borgnjor's Vile Clutch   Necr/Erth      2%         N/A       98%         5
 Irradiate                Conj/Tmut      2%         3d14      98%         5
 Conjure Ball Lightning   Conj/Air       2%         3x3d6     100%        6
 Death Channel            Necr           2%         N/A       100%        6
 Iron Shot                Conj/Erth      2%         9d2       100%        6
 Starburst                Conj/Fire      2%         6d3       100%        6
 Statue Form              Tmut/Erth      2%         N/A       100%        6
 Summon Cactus Giant      Summ           2%         N/A       100%        6
 Dragon Form              Tmut           2%         N/A       100%        7
 Haunt                    Necr/Summ      2%         N/A       100%        7
 Storm Form               Tmut/Air       2%         N/A       100%        7
 Discord                  Hex            2%         N/A       100%        8
 Disjunction              Tloc           12%        N/A       100%        8
 Infestation              Necr           2%         N/A       100%        8
 Maxwell's Capacitive Co  Air            2%         ∞         100%        8
 Polar Vortex             Ice            19%        N/A       100%        9


Dungeon Overview and Level Annotations

Branches:
Dungeon (13/15)            Temple (1/1) D:6            Lair (6/6) D:9
  Swamp (4/4) Lair:4        Snake (4/4) Lair:4        Slime (0/5) Lair:5
    Orc (2/2) D:12            Elf (0/3) Orc:2        Vaults (1/5) D:13
 Bailey (visited)           IceCv (visited)

Shops:
D:3 [   D:5 :(   D:12 (   Orc:2 :([:=   Snake:3 ?[

Portals:
Abyss: Lair:6

Annotations:
Vaults:1 Saint Roka


Innate Abilities, Weirdness & Mutations

You have an increased reservoir of magic. (+10% MP)
You shall have no god before yourself.
Your divine heritage dramatically boosts your attributes as you level up.


Message History

Your surroundings suddenly seem different.
Your icy armour cracks and falls away as you move.
A deep troll comes into view.
The deep troll shouts!
The ironbound preserver shouts!
Your +9 triple sword of protection goes still.
You feel clever.
Your hands tingle!
b - the +11 long sword of the Sun (weapon)
{speed, Int+3} Your +4 longbow of chaos is briefly surrounded by a scintillating aura of random colours.
w - a +4 longbow of chaos (weapon)
Casting: Ozocubu's Armour (safe; 1% risk of failure)
Confirm with . or Enter, or press ? or * to list all spells.
A film of ice covers your body!
The deep troll shouts!
Fire: w) +4 longbow (chaos)
Press: ? - help, Q - select action, (/) - cycle Shift-Dir - straight line You shoot an arrow.
The arrow hits the ironbound preserver!!
The ironbound preserver is lightly wounded.
A slime creature comes into view.
Fire: w) +4 longbow (chaos)
Press: ? - help, Q - select action, (/) - cycle Shift-Dir - straight line You shoot an arrow.
The arrow hits the ironbound preserver.
The ironbound preserver is moderately wounded.
Your +9 triple sword of protection hums with potential!
a - a +9 triple sword of protection (weapon)
The deep troll bites you.
* * * LOW HITPOINT WARNING * * *
The deep troll claws you but does no damage. x2
The ironbound preserver hits you with a +0 flail!
* * * LOW HITPOINT WARNING * * *
You slash the ironbound preserver!
Your weapon exudes an aura of protection.
The ironbound preserver is moderately wounded.
The deep troll barely misses you.
The deep troll claws you but does no damage.
The deep troll completely misses you.
A slime creature comes into view.
The ironbound preserver hits you with a +0 flail!
You die...

#.......'...#
#####
#.......#....
.#...>...#....
.J.J.....#...##
#.......#####
#.......#
#......T#
#....TTp#
#......@#
#+##+####


You could see an ironbound preserver, 2 slime creatures and 3 deep trolls.

Vanquished Creatures
  Gastronok (D:11)
  The ghost of Drazool the Thaumaturge, an adept DjFE of Ashenzari (Snake:3)
  8 nagarajas
  6 fenstrider witches
  The ghost of drugrobin the Severer, a journeyman DgFi (Swamp:2)
  2 frost giants
  An orc warlord (Orc:2)
  An ironbound preserver (Vaults:1)
  An ironbound thunderhulk (Vaults:1)
  2 eleionomae
  A bunyip (Swamp:4)
  An ettin (D:13)
  Josephine (Snake:1)
  2 yaktaur captains (Vaults:1)
  3 salamander tyrants
  29 hydras
  5 ogre magi
  7 boulder beetles
  2 ghost crabs
  9 anacondas
  9 centaur warriors
  17 naga warriors
  18 two-headed ogres
  7 alligators
  An orc high priest (Orc:1)
  A deep troll earth mage (D:13)
  3 spriggan berserkers (Swamp:4)
  14 naga sharpshooters
  8 shock serpents
  9 death yaks
  Amaemon (D:8)
  2 thrashing horrors (Lair:6)
  A fire crab (Lair:4)
  A skeletal warrior (D:13)
  Lodul (D:13)
  A spriggan druid (Swamp:3)
  10 salamander mystics
  8 swamp dragons
  A swamp dragon (shapeshifter) (Swamp:4)
  2 naga ritualists
  10 bog bodies
  An orc knight (Orc:1)
  10 lindwurms
  19 salamanders
  7 will-o-the-wisps
  3 deep elf pyromancers (D:13)
  An orc sorcerer (Orc:2)
  5 ugly things
  An ugly thing (shapeshifter) (D:13)
  A cyclops (D:13)
  8 mana vipers
  A black mamba (shapeshifter) (D:10)
  9 elephants
  Maurice (D:10)
  Joseph (D:8)
  3 manticores
  2 vault sentinels (Vaults:1)
  35 black mambas
  2 ice statues
  13 naga magi
  3 smoke demons (Lair:6)
  2 guardian serpents
  5 gargoyles (D:10)
  9 cane toads
  An orange demon (D:8)
  2 unseen horrors
  Psyche (D:8)
  11 komodo dragons
  11 rime drakes
  An efreet (D:13)
  A freezing wraith (D:13)
  A kobold demonologist (D:10)
  2 ancient zymes (Lair:6)
  5 trolls
  2 meliai (D:13)
  7 polar bears
  11 slime creatures
  2 bloated husks (Swamp:2)
  3 tyrant leeches
  6 hornets
  12 dream sheep
  Prince Ribbit (D:6)
  Sigmund (D:5)
  21 blink frogs
  A vampire (D:9)
  8 wraiths
  56 yaks
  2 ynoxinuls (Lair:6)
  6 spriggans
  3 shadows
  5 wyverns
  11 basilisks
  6 vampire mosquitoes
  2 steam dragons
  Edmund (D:6)
  A chaos spawn (Lair:6)
  42 nagas
  11 small abominations (Lair:6)
  12 swamp worms
  3 wargs (Orc:2)
  An acid dragon (D:12)
  11 water moccasins
  10 swamp drakes
  Duvessa (D:6)
  24 orc warriors
  A sky beast (D:8)
  4 black bears
  2 ice beasts
  14 wolves
  41 ogres
  19 centaurs
  2 kobold brigands (D:9)
  8 bullfrogs
  A scorpion (Lair:3)
  A necrophage (D:4)
  A gnoll sergeant (Orc:1)
  15 wights
  Dowan (D:6)
  A vampire bat (D:6)
  6 howler monkeys
  5 electric eels
  3 hounds
  2 jellies
  Crazy Yiuf (D:7)
  14 orc priests
  Jessica (D:3)
  3 iguanas
  11 orc wizards
  8 gnolls
  11 adders
  2 shadow imps (D:6)
  12 white imps
  2 worms
  3 dart slugs
  74 orcs
  6 ball pythons
  8 endoplasms
  2 giant cockroaches
  4 hobgoblins
  8 jackals
  6 quokkas
  18 bats
  5 frilled lizards
  13 goblins
  14 kobolds
  4 rats
1027 creatures vanquished.

Vanquished Creatures (collateral kills)
  A warg (Orc:2)
  A white imp (Orc:2)
2 creatures vanquished.

Vanquished Creatures (others)
  A bog body (Swamp:2)
  A lindwurm (Vaults:1)
  A human (Swamp:4)
  8 vampire mosquitoes
  A hydra simulacrum (Swamp:2)
  A kobold (D:8)
  44 foxfires
  19 fungi
  120 plants
196 creatures vanquished.

Grand Total: 1225 creatures vanquished

Notes
Turn   | Place    | Note
-------+----------+-------------------------------------------
     0 | D:1      | avis the Demigod Ice Elementalist began the quest for the
                  | Orb.
     0 | D:1      | Reached XP level 1. HP: 14/14 MP: 5/5
   446 | D:1      | Reached XP level 2. HP: 22/22 MP: 5/7
   670 | D:1      | Reached skill level 1 in Fighting
  1595 | D:2      | Reached XP level 3. HP: 29/29 MP: 8/8
  1599 | D:2      | Learned a level 3 spell: Ozocubu's Armour
  2276 | D:2      | Reached XP level 4. HP: 36/36 MP: 7/9
  2590 | D:3      | Found Otany's Antique Armour Shoppe.
  2596 | D:3      | Bought a pair of runed boots for 135 gold pieces
  2666 | D:3      | Noticed Jessica
  2826 | D:3      | Killed Jessica
  2827 | D:3      | Reached skill level 5 in Ice Magic
  3050 | D:3      | Reached XP level 5. HP: 10/41 MP: 11/11
  3344 | D:3      | Learned a level 3 spell: Frozen Ramparts
  4164 | D:4      | Noticed a black bear
  4398 | D:4      | Killed a black bear
  4425 | D:4      | Reached XP level 6. HP: 33/48 MP: 7/13
  4573 | D:4      | Identified the +5 pair of boots of the Unseen Realm
                  | {Rampage rN++}
  4791 | D:4      | Reached skill level 1 in Long Blades
  5173 | D:5      | Entered Level 5 of the Dungeon
  5216 | D:5      | Noticed Sigmund
  5494 | D:5      | Killed Sigmund
  5495 | D:5      | Reached skill level 2 in Long Blades
  5495 | D:5      | Reached XP level 7. HP: 57/57 MP: 8/14
  5650 | D:5      | Found Runkit's Book Boutique.
  5827 | D:5      | Found Tofaf's Weapon Emporium.
  6525 | D:6      | Reached skill level 3 in Long Blades
  6701 | D:6      | Reached skill level 4 in Long Blades
  6752 | D:6      | Noticed Prince Ribbit
  6763 | D:6      | Killed Prince Ribbit
  6764 | D:6      | Reached skill level 5 in Long Blades
  6764 | D:6      | Reached XP level 8. HP: 56/63 MP: 7/15
  7071 | D:6      | Noticed Duvessa
  7071 | D:6      | Noticed Dowan
  7091 | D:6      | Killed Duvessa
  7092 | D:6      | Reached skill level 6 in Long Blades
  7586 | D:6      | Killed Dowan
  8033 | D:6      | Found a staircase to the Ecumenical Temple.
  8038 | D:6      | Noticed Edmund
  8046 | D:6      | Killed Edmund
  8047 | D:6      | Reached skill level 7 in Long Blades
  8152 | Temple   | Entered the Ecumenical Temple
  8712 | D:7      | Reached skill level 8 in Long Blades
  8719 | D:7      | Reached XP level 9. HP: 50/71 MP: 13/16
  9435 | D:7      | Found a runed translucent door.
  9436 | D:7      | Noticed Crazy Yiuf
  9448 | D:7      | Killed Crazy Yiuf
  9713 | D:8      | Reached skill level 9 in Long Blades
  9762 | D:8      | Noticed Psyche
  9777 | D:8      | Killed Psyche
 10001 | D:8      | Noticed Amaemon
 10018 | D:8      | Noticed an orange demon
 10035 | D:8      | Killed Amaemon
 10036 | D:8      | Reached skill level 5 in Fighting
 10036 | D:8      | Reached skill level 10 in Long Blades
 10036 | D:8      | Killed an orange demon
 10476 | D:8      | Noticed Joseph
 10491 | D:8      | Paralysed by Joseph for 3 turns
 10498 | D:8      | Killed Joseph
 10499 | D:8      | Reached XP level 10. HP: 76/81 MP: 15/17
 10743 | Temple   | Identified a scroll of acquirement
 10949 | D:9      | Reached skill level 11 in Long Blades
 10992 | D:9      | Found a flagged portal.
 11008 | Bailey   | Entered a bailey
 12658 | Bailey   | Reached skill level 12 in Long Blades
 12840 | Bailey   | Identified the ring "Ifuism" {rN+ AC+4 Str+4 Stlth+}
 13773 | D:9      | Found a staircase to the Lair.
 14024 | Lair:1   | Entered Level 1 of the Lair of Beasts
 14553 | Lair:1   | Noticed a black mamba
 14566 | Lair:1   | Killed a black mamba
 14567 | Lair:1   | Reached skill level 13 in Long Blades
 14907 | Lair:1   | Reached XP level 11. HP: 73/86 MP: 15/19
 16504 | Lair:2   | Reached skill level 14 in Long Blades
 16992 | D:10     | Entered Level 10 of the Dungeon
 17194 | D:10     | Noticed a two-headed ogre
 17213 | D:10     | Killed a two-headed ogre
 18056 | D:10     | Noticed Maurice
 18115 | D:10     | Killed Maurice
 18616 | Lair:3   | Noticed a five-headed hydra
 19012 | Lair:3   | Killed a five-headed hydra
 19407 | Lair:3   | Reached XP level 12. HP: 104/106 MP: 15/20
 19511 | Lair:3   | Reached skill level 10 in Fighting
 19642 | Lair:3   | Reached skill level 1 in Ranged Weapons
 19700 | Lair:3   | Noticed a seven-headed hydra
 19766 | Lair:3   | Noticed a boulder beetle
 20073 | D:11     | Noticed Gastronok
 20464 | D:11     | Killed Gastronok
 20508 | D:11     | Noticed a boulder beetle
 20991 | D:11     | Killed a boulder beetle
 20992 | D:11     | Reached skill level 5 in Ranged Weapons
 21157 | D:11     | Noticed a boulder beetle
 21177 | D:11     | Killed a boulder beetle
 21711 | Lair:2   | Killed a boulder beetle
 21924 | Lair:3   | Killed a seven-headed hydra
 23522 | Lair:4   | Found a staircase to the Snake Pit.
 23730 | Lair:4   | Reached XP level 13. HP: 59/113 MP: 21/21
 23968 | Lair:4   | Reached skill level 10 in Ranged Weapons
 24051 | Lair:4   | Found a staircase to the Swamp.
 24394 | Lair:4   | Identified the +9 hunting sling of Debt {venom, rN+ Will+
                  | Int-5}
 25349 | D:5      | Bought the +11 long sword of the Sun {speed, Int+3} for 788
                  | gold pieces
 27048 | Lair:5   | Found a staircase to the Slime Pits.
 27450 | Lair:1   | Acquired a +4 triple sword of protection
 27452 | Lair:1   | Acquired the ring of the Tortoise {AC+8}
 27452 | Lair:1   | Found the ring of the Tortoise {AC+8}
 27565 | Lair:6   | Entered Level 6 of the Lair of Beasts
 30080 | Lair:6   | Reached XP level 14. HP: 121/121 MP: 18/22
 30206 | Lair:6   | Found a one-way gate to the infinite horrors of the Abyss.
 30381 | Lair:6   | Reached skill level 15 in Long Blades
 31333 | D:12     | Found a staircase to the Orcish Mines.
 31388 | D:12     | Found Hiraosel's Weapon Shoppe.
 31569 | Orc:1    | Entered Level 1 of the Orcish Mines
 32033 | Orc:2    | Entered Level 2 of the Orcish Mines
 32109 | Orc:2    | Found Giuj's Jewellery Shop.
 32120 | Orc:2    | Found a staircase to the Elven Halls.
 32218 | Orc:2    | Found a frozen archway.
 32219 | Orc:2    | Noticed an orc warlord
 32254 | Orc:2    | Killed an orc warlord
 32261 | IceCv    | Entered an ice cave
 32458 | IceCv    | Reached skill level 16 in Long Blades
 32704 | IceCv    | Noticed a frost giant
 32723 | IceCv    | Killed a frost giant
 33811 | Orc:2    | Reached skill level 17 in Long Blades
 33821 | Orc:2    | Paralysed by an ogre mage for 3 turns
 33968 | Orc:2    | Paralysed by an ogre mage for 5 turns
 34068 | Orc:2    | Reached XP level 15. HP: 126/126 MP: 23/23
 34074 | Orc:2    | Found Mapug's Book Emporium.
 34074 | Orc:2    | Found Juriog's Armour Boutique.
 34075 | Orc:2    | Found Nufuvvokhe's Antique Weapon Boutique.
 34075 | Orc:2    | Found Yrederonk's Book Shoppe.
 34395 | Orc:1    | HP: 4/126 [orc priest/divine providence (14)]
 35062 | Orc:2    | Bought a book of Spatial Translocations for 364 gold pieces
 35237 | Lair:1   | Learned a level 2 spell: Blink
 35309 | Snake:1  | Entered Level 1 of the Snake Pit
 35452 | Snake:1  | Reached skill level 1 in Translocations
 35837 | Snake:1  | Identified the +4 war axe of Precise Incision {protect,
                  | rElec Str-3 Dex+5}
 36234 | Snake:1  | Noticed Josephine
 36251 | Snake:1  | Killed Josephine
 37039 | Lair:1   | Acquired the +8 autumn katana {vorpal, manifold assault}
 37039 | Lair:1   | Found the +8 autumn katana {vorpal, manifold assault}
 37183 | Swamp:1  | Entered Level 1 of the Swamp
 38125 | Snake:2  | Reached skill level 18 in Long Blades
 38216 | Snake:2  | Reached skill level 1 in Armour
 38221 | Snake:2  | Reached skill level 10 in Ice Magic
 39097 | Snake:2  | Noticed a nagaraja
 39118 | Snake:2  | Killed a nagaraja
 39762 | Swamp:2  | Found a transporter.
 39767 | Swamp:2  | Found a transporter.
 39767 | Swamp:2  | Noticed drugrobin's ghost (journeyman DgFi)
 40145 | Swamp:2  | Learned a level 5 spell: Manifold Assault
 40924 | Snake:3  | Reached skill level 5 in Armour
 41100 | Snake:3  | Reached XP level 16. HP: 127/139 MP: 20/24
 41181 | Snake:3  | Found a runed translucent door.
 41182 | Snake:3  | Noticed Drazool's ghost (adept DjFE)
 41280 | Snake:3  | Found Zaded's Armour Boutique.
 41284 | Snake:3  | Found Wahiew's Magic Scroll Boutique.
 42167 | Snake:3  | Bought a scroll of magic mapping for 56 gold pieces
 42167 | Snake:3  | Bought a scroll of blinking for 120 gold pieces
 42983 | Swamp:3  | Identified the +6 whip of Stickiness {holy, Int+2}
 43838 | Snake:4  | Entered Level 4 of the Snake Pit
 44637 | Snake:4  | Reached skill level 5 in Translocations
 46361 | Snake:4  | Identified the +8 hand axe of a treasure trove {vamp, Fly
                  | rCorr Int+4}
 46427 | Snake:4  | Reached skill level 15 in Fighting
 46603 | Snake:4  | Got a serpentine rune of Zot
 47054 | Snake:3  | Killed Drazool's ghost
 47055 | Snake:3  | Reached XP level 17. HP: 150/156 MP: 24/27
 47211 | Lair:1   | Upgraded the game from 0.29-a0-700-g2f1814c7b2 to
                  | 0.29-a0-717-g6dac4ea423
 47347 | Swamp:4  | Entered Level 4 of the Swamp
 47520 | Swamp:4  | HP: 4/156 [four-headed hydra (12)]
 47855 | Swamp:4  | Found a runed translucent door.
 48237 | Swamp:4  | Paralysed by a fenstrider witch for 5 turns
 48725 | Swamp:4  | Reached skill level 5 in Spellcasting
 48738 | Swamp:4  | Reached skill level 15 in Ranged Weapons
 49337 | Swamp:4  | Got a decaying rune of Zot
 49549 | Lair:1   | Acquired 921 gold pieces
 49551 | Lair:1   | Acquired the amulet of Qocoikk {RegenMP rElec Slay+3 SInv}
 49795 | Swamp:2  | Killed drugrobin's ghost
 50559 | D:13     | Found a gate to the Vaults.
 50947 | D:13     | Noticed Lodul
 50964 | D:13     | Killed Lodul
 52643 | Vaults:1 | Entered Level 1 of the Vaults
 52953 | Vaults:1 | Noticed Saint Roka
 53443 | Vaults:1 | Slain by an ironbound preserver

Illustrated notes

Levels and vault maps discovered:
D:1:      onia_arrival_pentagram, layout_loops_corners,
          dilly_ecumenical_altar_fadedgnrine
D:2:      layout_basic, kennysheep_generic_room_2
D:3:      layout_basic, grunt_temple_overflow_bloody_war, serial_shops,
          nicolae_shop_statue_plus, uniq_jessica
D:4:      layout_basic
D:5:      layout_basic, lemuel_blue_sif_altar, lemuel_coloured_pillars_altar,
          serial_shops, nicolae_shop_bloodbath_and_beyond, shop, uniq_sigmund
D:6:      layout_basic, minmay_temple_entry_glassed_door, roderic_batcave,
          item_on_display_a, uniq_edmund, uniq_duvessa, uniq_prince_ribbit1
D:7:      layout_rooms, grunt_temple_overflow_open, chequers_mini_garden,
          uniq_crazy_yiuf_cottage
D:8:      layout_basic, small_statue_intersection, uniq_amaemon, uniq_joseph,
          uniq_psyche
D:9:      layout_roguey, lair_entry_dummy, enter_bailey_3
D:10:     cheibrodos_statue_roulette, layout_basic, kennysheep_small_circle,
          uniq_maurice
D:11:     layout_rooms, uniq_gastronok
D:12:     layout_loops_ring, david_orc_4, serial_shops, nicolae_lakefront_shop
D:13:     evilmike_diamond_1, layout_loops_corners, david_vaults_2, uniq_lodul
Temple:   compressed_dpeg_triangle_lava_temple
Lair:1:   statuecave_lemuel, layout_cave_pods, minivault_26, grunt_megastairs_3
Lair:2:   layout_long_grid, grunt_megastairs_5
Lair:3:   layout_roguey, grunt_megastairs_4, serial_bayou_shore_a,
          infiniplex_staircase_pool, serial_bayou_shore_b
Lair:4:   layout_layer_cave, nicolae_swamp_entry_splash_gauntlet,
          guppyfry_snake_entry_island, serial_bayou_shore_b
Lair:5:   layout_layer_cave, slime_entry_1, grunt_forest_stairs_clearing,
          serial_bayou_shore_b, infiniplex_staircase_pool_2
Lair:6:   hellmonk_lair_end_abyssal_woods, layout_small_grid
Swamp:1:  layout_falls_marsh, nicolae_swamp_little_swirl
Swamp:2:  layout_falls_marsh, gammafunk_ghost_mausoleum,
          evilmike_swamp_ruin_house_6, swamp_pool5
Swamp:3:  layout_basic_swamp, evilmike_swamp_ruin_wall
Swamp:4:  swamp_basic_johnstein, layout_basic_swamp, swamp_pool1,
          nzn_swamp_weyward_sisters
Snake:1:  layout_layer_cave, dpeg_stationary_puzzle, lemuel_fruit_tree,
          uniq_josephine
Snake:2:  layout_honeycomb, basic_altar
Snake:3:  layout_onion_interference, gammafunk_ghost_grave, drop_trap,
          nicolae_snake_squiggles, nicolae_snake_snakes_in_the_grass,
          minmay_shop_star
Snake:4:  minmay_snake_end_coiled, layout_cave_town, serial_bayou_pond_a,
          drop_trap
Orc:1:    layout_diamond_mine
Orc:2:    st_orc_ogre_mass, layout_caves, portal_ice_cave_entry_imps,
          serial_shops, nicolae_shop_crystal
Vaults:1: vaults_room_stairs_pillars, vaults_mumra_minichess,
          hangedman_vaults_stretched_pinwheel, v_misc_26, v_misc_32,
          nicolae_vaults_diagonal_hallway_8, vaults_dpeg_doors,
          ontoclasm_vaults_misaligned, v_pattern_2, grunt_vaults_twisty,
          ontoclasm_vaults_hangar, st_smaller_cells, hangedman_vaults_snaps,
          hangedman_vaults_impose, layout_vaults_maze_bifur, uniq_saint_roka

Skill      XL: |  1  2  3  4  5  6  7  8  9 10 11 12 13 14 15 16 17 |
---------------+----------------------------------------------------+-----
Ice Magic      | 4 5 6 7 8 10 | 10.0
Fighting       | 1 2 3 4 5 9 10 11 15 | 15.0
Spellcasting   | 2 3 4 5 |  5.0
Stealth        | 2 |  2.0
Long Blades    | 2 5 8 10 13 14 17 18 | 18.0
Dodging        | 2 3 |  3.0
Ranged Weapons | 9 13 14 17 | 17.3
Translocations | 3 5 6 |  6.0
Armour         | 5 |  5.0

Action                   |  1- 3 |  4- 6 |  7- 9 | 10-12 | 13-15 | 16-18 || total
-------------------------+-------+-------+-------+-------+-------+-------++-------
Melee: Short sword       |     5 |       |       |       |       |       ||     5
       Club              |       |    23 |       |       |       |       ||    23
       Long sword        |       |    30 |   231 |   559 |   178 |       ||   998
       Falchion          |       |       |    13 |       |       |       ||    13
       Mace              |       |       |       |    12 |       |       ||    12
       Triple sword      |       |       |       |       |   700 |   331 ||  1031
       Punch             |       |       |       |       |     4 |       ||     4
       Katana            |       |       |       |       |   115 |       ||   115
 Fire: Sling             |    45 |    85 |    48 |   413 |    19 |       ||   610
       Shortbow          |       |       |       |       |   851 |   436 ||  1287
       Longbow           |       |       |       |       |       |   578 ||   578
Throw: Javelin           |       |       |     5 |     1 |       |       ||     6
       Dart              |       |       |     2 |       |       |       ||     2
 Cast: Freeze            |    55 |    46 |    24 |       |     3 |       ||   128
       Ozocubu's Armour  |       |    19 |    34 |   100 |   168 |   166 ||   487
       Frozen Ramparts   |       |       |     2 |       |       |       ||     2
       Blink             |       |       |       |       |     1 |     1 ||     2
Evoke: Wand              |       |       |     1 |     8 |     3 |       ||    12
       Phantom mirror    |       |       |       |       |     1 |       ||     1
  Use: Scroll            |       |       |     5 |     8 |    22 |    18 ||    53
       Potion            |       |       |       |     2 |    17 |     6 ||    25
 Stab: Sleeping          |     4 |       |     7 |     5 |     6 |     1 ||    23
       Paralysed         |       |       |       |     1 |       |       ||     1
       Invisible         |       |       |       |       |       |     1 ||     1
Armor: Robe              |    12 |    20 |       |       |   369 |   446 ||   847
       Leather armour    |       |    45 |   142 |   374 |   633 |       ||  1194
Dodge: Dodged            |    36 |    57 |   155 |   380 |   992 |   426 ||  2046
Block: Buckler           |     2 |    31 |    63 |   121 |    13 |       ||   230

Table legend: (Time is in decaauts)
 A = Elapsed time spent in this place.
 B = Non-inter-level travel time spent in this place.
 C = Inter-level travel time spent in this place.
 D = Time resting spent in this place.
 E = Time spent auto-exploring this place.
 F = Levels seen in this place.
 G = Mean time per level.
                   A        B        C        D        E       F      G
               +--------+--------+--------+--------+--------+-----+--------+
         Total |  53369 |  44357 |   9012 |  15608 |  14494 |  33 | 1617.2 |
       Dungeon |  20221 |  16456 |   3765 |   5910 |   6502 |  13 | 1555.5 |
        Temple |     36 |     34 |      2 |      0 |      0 |   1 |   36.0 |
          Lair |  14992 |  11380 |   3612 |   4229 |   4457 |   6 | 2498.7 |
         Swamp |   4627 |   4186 |    441 |   1363 |    917 |   4 | 1156.8 |
     Snake Pit |   7814 |   6930 |    884 |   1800 |   2109 |   4 | 1953.5 |
  Orcish Mines |   2167 |   1861 |    306 |    557 |    505 |   2 | 1083.5 |
        Vaults |    775 |    775 |      0 |    514 |      0 |   1 |  775.0 |
        Bailey |   2053 |   2053 |      0 |   1059 |      0 |   1 | 2053.0 |
      Ice Cave |    679 |    679 |      0 |    173 |      3 |   1 |  679.0 |
               +--------+--------+--------+--------+--------+-----+--------+

Top non-repeatable levels by time:
  Lair:1: 3314 daAuts
  Lair:4: 2990 daAuts
  Lair:3: 2752 daAuts
  Lair:5: 2499 daAuts
 Snake:4: 2419 daAuts
     D:9: 2227 daAuts
    D:13: 2087 daAuts
  Bailey: 2053 daAuts
    D:10: 2031 daAuts
     D:6: 1987 daAuts
 Swamp:4: 1968 daAuts
 Snake:3: 1862 daAuts
  Lair:6: 1831 daAuts
 Snake:1: 1828 daAuts
 Snake:2: 1703 daAuts
